Match 45201086
Unlisted

Match 45201086
End
Construct Barracks
Selects Airborne Battlegroup
Riflemen Squad
Riflemen Squad
M1 Mortar Team
Riflemen Squad
Infantry Support Center
Construct Weapon Support Center
M3 Armored Personnel Carrier
Construct Medical Station
Selects Recon Loiter
Selects Supply Drop
Selects Pathfinders
Grenade Package
Construct Tank Depot
M1919 Machine Gun Team
M4(105) Sherman Bulldozer
Engineer Squad
M4(105) Sherman Bulldozer
Nah
solowolf
BMon
Unsafe
移不动
TiGER01
0
0

Comments sign in to comment!

No comments posted yet!